[Event "Team 45 45 League T28"]
[Site "Internet Chess Club"]
[Date "2005.10.07"]
[Round "4"]
[White "nona"]
[Black "houseofcook"]
[Result "1-0"]
[WhiteElo "1524"]
[BlackElo "1303"]
[TimeControl "2700+45"]

1. e4 e6 2. Qe2 c5 3. d3 Nc6 4. Nc3 d6 5. g3 Nf6 6. Bg2 Be7 7. Nf3 O-O 8. O-O e5
9. h3 Bd7 10. Nd1 Qc8 11. Kh2 a5 12. c3 a4 13. Ne3 h6 14. Nc4 Qc7 15. Be3 b5 16.
Ncd2 Be6 17. d4 cxd4 18. cxd4 exd4 19. Nxd4 Nxd4 20. Bxd4 Rab8 21. Rac1 Qd7 22.
a3 Rfc8 23. Rfd1 Nh7 24. Nf3 Ng5 25. Nxg5 Bxg5 26. f4 Be7 27. Rxc8+ Rxc8 28. f5
Bc4 29. Qg4 f6 30. Be3 g5 31. Qh5 Bf8 32. Bd4 Bf7 33. Qg4 Qe8 34. Qe2 Bb3 35.
Rd2 Bc4 36. Qe3 Bg7 37. Bc3 Qe7 38. Bb4 Rd8 39. Qd4 Bf8 40. Qe3 Qc7 41. Qc3 Qf7
42. Bf3 d5 43. Bxf8 Kxf8 44. exd5 Rd6 45. Qd4 Kg7 46. Qe4 h5 47. Qd4 Kh6 48. h4
Qd7 49. hxg5+ Kxg5 50. Qf4# {Black checkmated} 1-0

[Event "Team 45 45 League T28"]
[Site "Internet Chess Club"]
[Date "2005.10.08"]
[Round "4"]
[White "houseofcook"]
[Black "kevinfons"]
[Result "1-0"]
[WhiteElo "1326"]
[BlackElo "1435"]
[TimeControl "2700+45"]

1. e4 c5 2. d4 cxd4 3. c3 e5 4. Nf3 d6 5. cxd4 exd4 6. Qxd4 Nc6 7. Bb5 Bd7 8.
Bxc6 Bxc6 9. Nc3 Nf6 10. O-O Be7 11. Bf4 O-O 12. Rfe1 Rc8 13. Rac1 Re8 14. Nh4
Nd7 15. Nf5 Bf6 16. Qe3 Bxc3 17. Rxc3 Rxe4 18. Qd2 Rxe1+ 19. Qxe1 Qe8 20. Re3
Ne5 21. Nxd6 {Black resigns} 1-0

[Event "Team 45 45 League T28"]
[Site "Internet Chess Club"]
[Date "2005.10.08"]
[Round "4"]
[White "mwm913"]
[Black "Schach-Prinz"]
[Result "1-0"]
[WhiteElo "1308"]
[BlackElo "1284"]
[TimeControl "2700+45"]

1. e4 c5 2. Nf3 Nc6 3. Bb5 Qb6 4. a4 Nf6 5. Nc3 e6 6. O-O Qc7 7. d3 Ng4 8. g3
Be7 9. Bd2 O-O 10. Qc1 Nge5 11. Nxe5 Nxe5 12. Qd1 a6 13. Bc4 b6 14. Ba2 Bb7 15.
Bf4 Bd6 16. Kh1 Ng6 17. Bxd6 Qxd6 18. Ne2 f5 19. f3 fxe4 20. dxe4 Qe7 21. Qd2
Rad8 22. Qe3 Qf6 23. f4 Qxb2 24. c3 Qc2 25. Rfc1 Qxa4 26. Bxe6+ dxe6 27. Rxa4
{Black resigns} 1-0

[Event "Team 45 45 League T28"]
[Site "Internet Chess Club"]
[Date "2005.10.09"]
[Round "4"]
[White "Tom45"]
[Black "PocketChange"]
[Result "0-1"]
[WhiteElo "1062"]
[BlackElo "1186"]
[TimeControl "2700+45"]

1. e4 e6 2. d4 d5 3. e5 c5 4. Nf3 Nc6 5. Bb5 Bd7 6. O-O Qb6 7. Nc3 a6 8. Bxc6
Bxc6 9. b3 cxd4 10. Nxd4 Bc5 11. Nxc6 Qxc6 12. a3 Bxf2+ 13. Rxf2 Qxc3 14. Ra2
Qxe5 15. Bb2 Qg5 16. c4 Nf6 17. Bxf6 gxf6 18. cxd5 O-O-O 19. Rac2+ Kb8 20. d6
Qd5 21. Rcd2 Qc6 22. Rxf6 Qc5+ 23. Kh1 Qxa3 24. Rxf7 b5 25. Re7 Rc8 26. Rxe6 Rc1
27. d7 Rxd1+ 28. Rxd1 Rd8 29. Re8 Kc7 30. Rxd8 Kxd8 31. h3 Qxb3 32. Rd6 a5
{White resigns} 0-1

[Event "Team 45 45 League T28"]
[Site "Internet Chess Club"]
[Date "2005.10.10"]
[Round "4"]
[White "G11825"]
[Black "Knight-Rookie"]
[Result "1-0"]
[WhiteElo "1418"]
[BlackElo "1350"]
[TimeControl "2700+45"]

1. e4 c5 2. Nf3 Nc6 3. Bc4 h6 4. O-O e6 5. Nc3 Nge7 6. d3 Ng6 7. Be3 Be7 8. Re1
O-O 9. Qd2 f5 10. exf5 Rxf5 11. d4 d5 12. Bd3 Rf6 13. Rad1 c4 14. Bxg6 Rxg6 15.
Bf4 Qf8 16. Nb5 Bb4 17. c3 Ba5 18. Qc2 Rf6 19. Bd6 Qf7 20. Ne5 Nxe5 21. Bxe5 Rg6
22. Nd6 Rxg2+ 23. Kxg2 Qf8 24. Qg6 Qe7 25. Rg1 Bc7 26. Ne8 Bxe5 27. dxe5 Bd7 28.
Nf6+ Kh8 29. Qh7# {Black checkmated} 1-0

[Event "Team 45 45 League T28"]
[Site "Internet Chess Club"]
[Date "2005.10.06"]
[Round "4"]
[White "jientho"]
[Black "PaleMorningDun"]
[Result "1-0"]
[WhiteElo "1344"]
[BlackElo "1283"]
[TimeControl "2700+45"]

1. e4 d5 2. exd5 Nf6 3. c4 e6 4. dxe6 Bxe6 5. Qb3 b6 6. Nf3 Nc6 7. Be2 Bc5 8.
O-O Nd4 9. Nxd4 Qxd4 10. Qe3 O-O 11. Qxd4 Bxd4 12. Na3 Rfe8 13. d3 Bg4 14. Bxg4
Nxg4 15. Nb5 Rad8 16. Nxc7 Re2 17. Be3 Nxe3 18. fxe3 Bxe3+ 19. Kh1 Rxd3 20. Nd5
Bd4 21. Nf4 Bxb2 22. Nxd3 Bxa1 23. Rxa1 f6 24. Re1 Rxa2 25. h4 a5 26. Rb1 Rd2
27. Nb2 Kf7 28. Na4 Rd4 29. Nxb6 a4 30. Ra1 Rd6 31. c5 Rd4 32. Rxa4 Rxa4 33.
Nxa4 Ke7 34. Nb6 Kd8 35. g4 Kc7 36. Na4 Kc6 37. h5 Kd5 38. Kg2 g5 39. hxg6 hxg6
40. Kf3 f5 41. Kf4 fxg4 42. Kxg4 Kc6 43. Kg5 Kd7 44. Kxg6 Ke6 45. Kg5 Kd5 46.
Kf4 Kc6 47. Ke4 Kd7 48. Kd5 Kc7 49. Nb6 Kb7 50. Kd6 Kb8 51. Kd7 Kb7 52. Nc4 Kb8
53. c6 {Black resigns} 1-0

[Event "Team 45 45 League T28"]
[Site "Internet Chess Club"]
[Date "2005.10.08"]
[Round "4"]
[White "Mutaant"]
[Black "hotzoddy"]
[Result "1-0"]
[WhiteElo "1253"]
[BlackElo "1248"]
[TimeControl "2700+45"]

1. e4 e6 2. Bb5 Nc6 3. Nf3 d5 4. Nc3 a6 5. Ba4 Nf6 6. Qe2 dxe4 7. Nxe4 Nxe4 8.
Qxe4 Bd7 9. Ne5 Nxe5 10. Bxd7+ Qxd7 11. Qxe5 Qd6 12. Qg5 Qc5 13. Qxc5 Bxc5 14.
O-O O-O 15. c4 Rad8 16. Rd1 e5 17. b3 e4 18. Re1 Rfe8 19. Re2 c6 20. Bb2 Bb4 21.
Rd1 f5 22. a3 Bc5 23. b4 Be7 24. c5 Kf7 25. h3 Bf6 26. Bc1 Rd3 27. Re3 Red8 28.
Rde1 h5 29. g4 g6 30. Kg2 hxg4 31. hxg4 Rxe3 32. fxe3 Ke6 33. Kg3 Be5+ 34. Kh4
Rh8+ 35. Kg5 fxg4 36. Kxg4 Rg8 37. Rh1 Bf6 38. Rh7 Bg7 39. Kg5 Kf7 40. Kf4 Re8
41. Bb2 Rg8 42. Kxe4 Kf8 43. d4 g5 44. Kf5 Bh8 45. Rxb7 g4 46. Rb8+ Kf7 47. Rxg8
Kxg8 48. Kxg4 Kf8 49. Kf5 Ke7 50. e4 Bf6 51. e5 Bh4 52. Bc1 Kf7 53. Bg5 Bxg5 54.
Kxg5 Ke6 55. Kf4 Kf7 56. Kf5 Ke7 57. e6 Kf8 58. Ke5 Ke7 59. d5 cxd5 60. Kxd5 Kd8
61. c6 {Black resigns} 1-0

[Event "Team 45 45 League T28"]
[Site "Internet Chess Club"]
[Date "2005.10.11"]
[Round "4"]
[White "slakkjaw"]
[Black "pk4"]
[Result "0-1"]
[WhiteElo "1158"]
[BlackElo "1265"]
[TimeControl "2700+45"]

1. d4 d5 2. c4 c6 3. Nc3 dxc4 4. Nf3 Bg4 5. e3 b5 6. a3 Nf6 7. h3 Bxf3 8. Qxf3
e6 9. Nxb5 Qa5+ 10. Bd2 Qxb5 11. Be2 Qxb2 12. O-O Qxd2 13. Bxc4 Be7 14. Rad1 Qa5
15. e4 O-O 16. e5 Nd5 17. Bd3 g6 18. Bc2 c5 19. h4 Bxh4 20. Qh3 Bg5 21. g3 cxd4
22. Rxd4 Nc6 23. Rg4 Be7 24. Kg2 Nxe5 25. Re4 Rac8 26. Rh1 h5 27. Bb1 Nf6 28. g4
Nfxg4 29. Qg3 f5 30. Re2 Rc3 31. f3 Qxa3 32. Qe1 Rxf3 33. Rxe5 Qb2+ 34. Re2 Qb7
35. Kg1 Qb6+ 36. Kg2 Qc6 37. Kg1 e5 38. Ba2+ Kg7 39. Qd2 Bc5+ 40. Kg2 Rd3+
{White resigns} 0-1  Gomer(345): woo!

[Event "Team 45 45 League T28"]
[Site "Internet Chess Club"]
[Date "2005.10.07"]
[Round "4"]
[White "C-Jones"]
[Black "MPknight"]
[Result "1/2-1/2"]
[WhiteElo "1678"]
[BlackElo "1651"]
[TimeControl "2700+45"]

1. e4 c5 2. Nf3 d6 3. c3 e6 4. d4 cxd4 5. cxd4 a6 6. Nc3 g6 7. Bg5 Be7 8. Bf4
Bf8 9. Qb3 Nd7 10. Rd1 Qb6 11. Qc2 Qd8 12. Be2 b5 13. Qb3 Nb6 14. O-O Bd7 15.
Rfe1 Be7 16. e5 d5 17. Qc2 Kf8 18. Qd2 Kg7 19. g3 h5 20. Ra1 Nh6 21. Bd1 Nf5 22.
h4 Qe8 23. Bc2 Qd8 24. Reb1 Nc4 25. Qc1 Nb6 26. Bxf5 exf5 27. Qe3 Be6 28. Re1
Qd7 29. Re2 Rac8 30. Rc1 Nc4 31. Qd3 Nb6 32. Rec2 Rhg8 33. Bd2 Nc4 34. Bf4 Nb6
35. Bd2 Nc4 36. Bf4 Nb6 37. Bd2 {Game drawn by repetition} 1/2-1/2

[Event "Team 45 45 League T28"]
[Site "Internet Chess Club"]
[Date "2005.10.07"]
[Round "4"]
[White "badger80"]
[Black "Fegary"]
[Result "1-0"]
[WhiteElo "1637"]
[BlackElo "1650"]
[TimeControl "2700+45"]

1. e4 d6 2. d4 Nf6 3. Nc3 g6 4. f4 Bg7 5. Nf3 Bg4 6. e5 dxe5 7. fxe5 Nd5 8. Bc4
Nxc3 9. bxc3 Bxf3 10. Qxf3 O-O 11. O-O c6 12. Bxf7+ Kh8 13. Qh3 Na6 14. Be3 Qc8
15. e6 Nc7 16. Bxg6 Rxf1+ 17. Rxf1 Qg8 18. Bf7 Qc8 19. Rf4 Nd5 20. Rh4 Nf6 21.
Bg5 h6 22. Bxh6 Bxh6 23. Rxh6+ Kg7 24. Rg6+ {Black resigns} 1-0     
**ANNOUNCEMENT** from ROBOadmin: "help event2" for a list of all the upcoming
events on the Internet Chess Club!

[Event "Team 45 45 League T28"]
[Site "Internet Chess Club"]
[Date "2005.10.08"]
[Round "4"]
[White "PostMike"]
[Black "charles-allen"]
[Result "1-0"]
[WhiteElo "1581"]
[BlackElo "1549"]
[TimeControl "2700+45"]

1. e4 d5 2. exd5 Nf6 3. Nc3 Nxd5 4. Qf3 c6 5. Bc4 e6 6. Nge2 Nd7 7. Nxd5 cxd5 8.
Bb5 a6 9. Bxd7+ Bxd7 10. O-O Bd6 11. h3 O-O 12. d4 Bb5 13. Re1 Bxe2 14. Rxe2 Qc7
15. c3 b5 16. Rc2 Rfc8 17. Bd2 a5 18. Rac1 Ra6 19. Qd3 Qc4 20. Qxc4 Rxc4 21. b3
Rc8 22. a4 bxa4 23. bxa4 Rc4 24. Ra1 Rac6 25. Rb2 h5 26. Rb5 Bc7 27. Kf1 Rb6 28.
Ke2 Rxb5 29. axb5 Bb6 30. Kd3 Kf8 31. Bc1 Ke8 32. f3 Kd7 33. Ba3 g6 34. Bf8 Bd8
35. Bc5 Kc8 36. g4 hxg4 37. hxg4 Kb7 38. Rh1 f6 39. Rh7+ Kc8 40. Ra7 Kb8 41. Rg7
g5 42. b6 a4 43. Bd6+ {Black resigns} 1-0

[Event "Team 45 45 League T28"]
[Site "Internet Chess Club"]
[Date "2005.10.12"]
[Round "4"]
[White "TheBrewer"]
[Black "martineden"]
[Result "0-1"]
[WhiteElo "1556"]
[BlackElo "1658"]
[TimeControl "2700+45"]

1. d4 Nf6 2. Nf3 e6 3. Nbd2 c5 4. c3 Nc6 5. e4 cxd4 6. cxd4 d5 7. e5 Nd7 8. Bd3
Bb4 9. O-O Qb6 10. Nb3 a5 11. a4 Qc7 12. Ng5 h6 13. Qh5 O-O 14. Nf3 Ne7 15. Nh4
b6 16. Bxh6 gxh6 17. Qxh6 f5 18. Ng6 Nxg6 19. Qxg6+ Kh8 20. Qh6+ Kg8 21. Qxe6+
Rf7 22. Qg6+ Rg7 23. Qe6+ Kh8 24. Bxf5 Nf8 25. Qh6+ Nh7 26. Bxh7 Rxh7 27. Qf8+
Bxf8 {White resigns} 0-1

[Event "Team 45 45 League T28"]
[Site "Internet Chess Club"]
[Date "2005.10.08"]
[Round "4"]
[White "EquesQuartus"]
[Black "bmw2002"]
[Result "0-1"]
[WhiteElo "1585"]
[BlackElo "1606"]
[TimeControl "2700+45"]

1. Nf3 Nf6 2. c4 g6 3. Nc3 Bg7 4. e4 d6 5. d4 O-O 6. Be2 Bg4 7. h3 Bd7 8. O-O
Na6 9. Be3 Qc8 10. e5 Ne8 11. Nd5 Qd8 12. Qd2 c6 13. Nf4 Nac7 14. Ng5 f6 15. e6
fxg5 16. exd7 gxf4 17. dxe8=Q Qxe8 18. Bxf4 Ne6 19. Be3 Rf7 20. Rad1 Nc7 21. h4
e5 22. dxe5 Bxe5 23. h5 Re7 24. hxg6 Qxg6 25. Bd3 Qh5 26. Bf4 Rg7 27. Bxe5 dxe5
28. Be4 Ne6 29. Qe3 Nf4 30. Bf3 Rxg2+ 31. Bxg2 Ne2+ {White resigns} 0-1     
**ANNOUNCEMENT** from ROBOadmin: "help event2" for a list of all the upcoming
events on the Internet Chess Club!

[Event "Team 45 45 League T28"]
[Site "Internet Chess Club"]
[Date "2005.10.09"]
[Round "4"]
[White "fredd"]
[Black "tryanything"]
[Result "0-1"]
[WhiteElo "1543"]
[BlackElo "1562"]
[TimeControl "2700+45"]

1. e4 e5 2. Nf3 Nc6 3. Bc4 Nf6 4. Nc3 Bc5 5. O-O d6 6. h3 a6 7. d3 h6 8. Re1 Qe7
9. Be3 Bxe3 10. Rxe3 Bd7 11. Nd5 Nxd5 12. Bxd5 O-O-O 13. c3 g5 14. b4 g4 15.
hxg4 Bxg4 16. Bxc6 bxc6 17. Qa4 Kb7 18. d4 d5 19. Nxe5 Bd7 20. Nxd7 Qxd7 21.
exd5 Qxd5 22. Rae1 Rdg8 23. f3 h5 24. Re5 Qxf3 25. R1e2 h4 26. R5e3 Rxg2+ 27.
Rxg2 Qxe3+ 28. Kf1 h3 29. Re2 Qxe2+ 30. Kxe2 h2 31. Kd3 h1=Q 32. d5 Qxd5+ {White
resigns} 0-1

[Event "Team 45 45 League T28"]
[Site "Internet Chess Club"]
[Date "2005.10.07"]
[Round "4"]
[White "Fineas-Fogg"]
[Black "SpeedBlade"]
[Result "0-1"]
[WhiteElo "1488"]
[BlackElo "1510"]
[TimeControl "2700+45"]

1. e4 d5 2. exd5 Qxd5 3. Nc3 Qa5 4. d4 Nf6 5. Nf3 Bf5 6. Ne5 Be6 7. Nc4 Bxc4 8.
Bxc4 c6 9. O-O e6 10. Bf4 Be7 11. Re1 O-O 12. Qe2 Nd5 13. Nxd5 cxd5 14. Bd3 Nd7
15. h4 Bxh4 16. Bxh7+ Kxh7 17. Qh5+ Kg8 18. Qxh4 Qd8 19. Qg3 Qf6 20. Be5 Nxe5
21. Rxe5 b5 22. Rae1 b4 23. R1e3 Rac8 24. Rf3 Qh6 25. Rg5 Rxc2 26. Rf4 Rc1#
{White checkmated} 0-1

[Event "Team 45 45 League T28"]
[Site "Internet Chess Club"]
[Date "2005.10.05"]
[Round "4"]
[White "Prop"]
[Black "Conjurer"]
[Result "1-0"]
[WhiteElo "1314"]
[BlackElo "1213"]
[TimeControl "2700+45"]

1. e4 c5 2. Nf3 d6 3. Bb5+ Bd7 4. Bc4 e6 5. d4 cxd4 6. Nxd4 Qc7 7. b3 Nf6 8. Nd2
Be7 9. N4f3 Bc6 10. Qe2 O-O 11. e5 dxe5 12. O-O a6 13. Nxe5 b5 14. Nxc6 Qxc6 15.
Bd3 Nbd7 16. Nf3 Rac8 17. Bb2 Rfd8 18. Rac1 Nc5 19. Ne5 Qb7 20. Rfd1 Nd5 21.
Nxf7 Kxf7 22. Qh5+ g6 23. Qxh7+ Ke8 24. Qxg6+ Kd7 25. c4 Rg8 26. Qf7 Nb4 27.
Be4+ Nd5 28. cxd5 exd5 29. Rxd5+ Qxd5 30. Qxd5+ Ke8 31. Qxg8+ Kd7 32. Qd5+ Bd6
33. Bf5+ Ke7 34. Bxc8 Bf4 35. Rxc5 Bd6 36. Rc3 b4 37. Re3+ Be5 38. Rxe5+ Kf6 39.
Qe6+ Kg7 40. Rg5+ Kf8 41. Rg8# {Black checkmated} 1-0

[Event "Team 45 45 League T28"]
[Site "Internet Chess Club"]
[Date "2005.10.06"]
[Round "4"]
[White "QuaqQuao"]
[Black "EyeAm"]
[Result "0-1"]
[WhiteElo "1354"]
[BlackElo "1398"]
[TimeControl "2700+45"]

1. e4 e5 2. Nf3 Nf6 3. Bc4 Nxe4 4. O-O Nc6 5. d3 Nf6 6. Nc3 d6 7. Be3 Na5 8. Bb3
Nxb3 9. axb3 Be7 10. Re1 Bg4 11. h3 Bh5 12. Ne4 Nd5 13. Bd2 O-O 14. g4 Bg6 15.
c4 Nf4 16. Bxf4 exf4 17. Kg2 f5 18. Nc3 fxg4 19. hxg4 a6 20. Nd5 Rf7 21. Rh1 Bg5
22. Nxg5 Qxg5 23. f3 h5 24. Qe2 hxg4 25. Rag1 Raf8 26. Qe6 g3 27. Ne7+ Qxe7 28.
Qxg6 Qe2+ 29. Kh3 Rf6 30. Qe4 Qxe4 31. dxe4 Rh6+ 32. Kg4 Rff6 33. Rxh6 gxh6 34.
Kh3 Kg7 35. Kg2 h5 36. Rd1 Kg6 37. Rd5 h4 38. Kh3 c6 39. Rd1 Kh5 40. c5 dxc5 41.
Rd7 Kh6 42. Rd1 Kh5 43. Rd8 Rg6 44. Rh8+ Kg5 45. Rf8 b5 46. Rxf4 Kxf4 {White
resigns} 0-1

[Event "Team 45 45 League T28"]
[Site "Internet Chess Club"]
[Date "2005.10.08"]
[Round "4"]
[White "Gomer"]
[Black "chessterbaggins"]
[Result "1-0"]
[WhiteElo "1330"]
[BlackElo "1305"]
[TimeControl "2700+45"]

1. e4 e5 2. Bc4 Nf6 3. Nc3 Be7 4. d3 c6 5. f4 d6 6. f5 b5 7. Bb3 a5 8. a3 Bb7 9.
Nf3 O-O 10. O-O Na6 11. Qe1 Nc5 12. Ba2 b4 13. Ne2 d5 14. Nxe5 b3 15. cxb3 dxe4
16. dxe4 Ncxe4 17. Be3 Nd5 18. Nd4 Nxe3 19. Qxe3 c5 20. Ne2 c4 21. Kh1 Bf6 22.
Nxc4 h6 23. Rad1 Qc7 24. Bb1 Rae8 25. Qb6 Qb8 26. Qxa5 Ng5 27. Nf4 Be5 28. Nxe5
Rxe5 29. Qb6 Qa8 30. Rde1 f6 31. Rxe5 fxe5 32. Ng6 Bxg2+ 33. Kg1 Bxf1 34. Kxf1
Rxf5+ 35. Bxf5 Qf3+ 36. Qf2 Qxb3 37. Qc2 Qf3+ 38. Qf2 Qd1+ 39. Qe1 Qd6 40. Qxe5
Qa6+ 41. Qe2 Qf6 42. Qe8+ Qf8 43. Qxf8+ {Black resigns} 1-0     
**ANNOUNCEMENT** from ROBOadmin: "help event2" for a list of all the upcoming
events on the Internet Chess Club!

[Event "Team 45 45 League T28"]
[Site "Internet Chess Club"]
[Date "2005.10.07"]
[Round "4"]
[White "WzeroMN"]
[Black "JimGaming"]
[Result "1-0"]
[WhiteElo "1170"]
[BlackElo "1230"]
[TimeControl "2700+45"]

1. e4 e5 2. Nf3 Nc6 3. Bb5 a6 4. Ba4 Nf6 5. O-O Nxe4 6. d4 exd4 7. Bxc6 dxc6 8.
Re1 Be7 9. Rxe4 O-O 10. Qxd4 Qxd4 11. Rxd4 Be6 12. Nc3 c5 13. Re4 c6 14. Bf4
Rfe8 15. Rd1 b5 16. b3 Bd8 17. Bd6 Ba5 18. Re3 c4 19. b4 Bb6 20. Bc5 Bxc5 21.
bxc5 a5 22. Nd4 Rac8 23. Nxe6 Rxe6 24. Rxe6 fxe6 25. f4 g6 26. g4 Rf8 27. Ne2
Kf7 28. Kg2 Ke7 29. Kf3 h6 30. Ke4 g5 31. fxg5 hxg5 32. Ng3 Rf2 33. Ke5 Rxc2 34.
Rd6 Rc3 35. Rxc6 Re3+ 36. Kd4 Rd3+ 37. Ke4 Rd5 38. Ra6 Rxc5 39. Rxa5 c3 40. Ne2
c2 41. Nc1 Kf6 42. Ra8 Re5+ 43. Kd3 Rc5 44. Rf8+ Ke5 45. Rf2 Rc4 46. Rxc2 Rxg4
47. Rc5+ Kf6 48. Rxb5 Rg2 49. a4 Rxh2 50. a5 g4 51. a6 g3 52. a7 Rh8 53. Ra5
Rd8+ 54. Ke3 e5 55. Ne2 g2 56. a8=Q Rxa8 57. Rxa8 Kg5 58. Rg8+ Kh4 59. Rxg2 e4
60. Kxe4 Kh3 61. Rg3+ Kh4 62. Rg8 Kh3 63. Kf4 Kh2 64. Kf3 Kh1 65. Kf2 Kh2 66.
Rh8# {Black checkmated} 1-0

[Event "Team 45 45 League T28"]
[Site "Internet Chess Club"]
[Date "2005.10.16"]
[Round "4"]
[White "engeln"]
[Black "Tomate"]
[Result "1-0"]
[WhiteElo "1344"]
[BlackElo "1384"]
[TimeControl "2700+45"]

1. d4 d5 2. c4 e6 3. Nc3 Nf6 4. cxd5 Nxd5 5. Bd2 Nc6 6. e4 Nxc3 7. Bxc3 Bb4 8.
Nf3 Bxc3+ 9. bxc3 a6 10. Be2 O-O 11. O-O Re8 12. c4 Ne7 13. Qd3 Ng6 14. Qe3 f5
15. Ne5 Nxe5 16. dxe5 fxe4 17. Rad1 Qe7 18. Qxe4 Rb8 19. Bd3 g6 20. Qg4 Qg7 21.
f4 c5 22. Qe2 Bd7 23. Rf3 b5 24. a3 Rf8 25. Rdf1 bxc4 26. Bxc4 Bb5 27. Bxe6+ Kh8
28. Bc4 Bxc4 29. Qxc4 Qa7 30. Kh1 Rb2 31. e6 Qb7 32. Qxc5 Rxf4 33. Qe5+ Kg8 34.
Qxf4 Qe7 35. Qe5 Rb5 36. Qe4 Rb6 37. Rf7 Qxe6 38. Qa8+ {Black resigns} 1-0

[Event "Team 45 45 League T28"]
[Site "Internet Chess Club"]
[Date "2005.10.15"]
[Round "4"]
[White "nona"]
[Black "cazj"]
[Result "1-0"]
[WhiteElo "1541"]
[BlackElo "1343"]
[TimeControl "2700+45"]

1. e4 e5 2. Nf3 Nc6 3. Bb5 Bc5 4. c3 Qf6 5. O-O Nh6 6. d3 d6 7. d4 Bb6 8. d5 Bd7
9. dxc6 Bxc6 10. Bd3 d5 11. exd5 Bxd5 12. Nbd2 O-O 13. Qc2 g6 14. Ne4 Bxe4 15.
Bxe4 c6 16. Bxh6 Rfd8 17. Bg5 Qd6 18. Bxd8 Rxd8 19. Rad1 {Black resigns} 1-0

[Event "Team 45 45 League T28"]
[Site "Internet Chess Club"]
[Date "2005.10.09"]
[Round "4"]
[White "Midwest-Rook"]
[Black "Dalcon"]
[Result "1-0"]
[WhiteElo "1237"]
[BlackElo "1214"]
[TimeControl "2700+45"]

1. e4 e5 2. Nf3 Nc6 3. Bc4 Nf6 4. Ng5 d5 5. exd5 Na5 6. Bb5+ c6 7. dxc6 bxc6 8.
Ba4 h6 9. Nf3 e4 10. Ne5 Qd5 11. d4 exd3 12. Nxd3 Qxg2 13. Rf1 Bh3 14. Qe2+ Be7
15. Nd2 Bg4 16. Qe3 Nd5 17. Qe4 Qxe4+ 18. Nxe4 Bf5 19. f3 O-O 20. Bd2 Bd8 21.
O-O-O Rc8 22. Ndc5 Bb6 23. Bxa5 Ne3 24. Nd6 Bxa5 25. Nxc8 Nxf1 26. Ne7+ Kh8 27.
Nxf5 Bd2+ 28. Kb1 Rd8 29. Rxf1 Rd5 30. Rd1 Rxf5 31. Rxd2 Rxf3 32. b3 Rf6 33.
Rd8+ Kh7 34. Rc8 Rf1+ 35. Kb2 f6 36. Bxc6 g5 37. Be4+ f5 38. Rc7+ Kg6 39. Rc6+
Kh5 40. Rf6 f4 41. Nd3 g4 42. Rf5+ Kh4 43. Nxf4 h5 44. Rxh5# {Black checkmated}
1-0

[Event "Team 45 45 League T28"]
[Site "Internet Chess Club"]
[Date "2005.10.09"]
[Round "4"]
[White "GLuft"]
[Black "rpgrossman"]
[Result "1-0"]
[WhiteElo "1118"]
[BlackElo "1010"]
[TimeControl "2700+45"]

1. e4 e5 2. Nf3 Nc6 3. Bb5 Nf6 4. d3 Bc5 5. h3 O-O 6. O-O a6 7. Bc4 b5 8. Be3 d6
9. Bxc5 dxc5 10. Bd5 Nxd5 11. exd5 Nd4 12. Nc3 Bb7 13. Nxe5 Bxd5 14. Nxd5 Qxd5
15. Re1 Rfe8 16. f4 f6 17. Nf3 Nxf3+ 18. Qxf3 Qxf3 19. gxf3 Rxe1+ 20. Rxe1 Rf8
21. Re7 Rf7 22. Rxf7 Kxf7 23. f5 g6 24. fxg6+ Kxg6 25. Kf2 Kg5 26. a4 b4 27. a5
Kf5 28. Ke3 Ke5 29. f4+ Kd5 30. c4+ bxc3 31. bxc3 c4 32. h4 h5 33. f5 c6 34. d4
c5 35. dxc5 Kxc5 36. Ke4 Kd6 37. Kd4 Kc7 38. Kxc4 Kc6 39. Kd4 Kb5 40. c4+ Kc6
41. c5 Kc7 42. Kd5 Kd7 43. c6+ Kc7 44. Kc5 Kd8 45. Kb6 Kc8 46. c7 Kd7 47. Kb7
Kd6 48. c8=Q Ke5 49. Kxa6 Kf4 50. Qe6 Kg4 51. Qxf6 {Black resigns} 1-0

[Event "Team 45 45 League T28"]
[Site "Internet Chess Club"]
[Date "2005.10.06"]
[Round "4"]
[White "DTK"]
[Black "Bort"]
[Result "1-0"]
[WhiteElo "2022"]
[BlackElo "1902"]
[TimeControl "2700+45"]

1. e4 c5 2. Nf3 d6 3. c3 Nf6 4. Bd3 Bg4 5. Bc2 Nc6 6. h3 Bh5 7. d3 e6 8. Bf4 Qb6
9. b3 d5 10. e5 Bxf3 11. Qxf3 Nd7 12. Qg3 Qc7 13. O-O Ndxe5 14. Re1 f6 15. b4 g5
16. Bxe5 Nxe5 17. bxc5 Qxc5 18. d4 Qb5 19. Na3 Bxa3 20. dxe5 f5 21. Qxg5 Be7 22.
Qh6 Kd7 23. Rab1 Qc6 24. Ba4 Qxa4 25. Rxb7+ Kd8 26. Qxe6 Re8 27. Qxd5+ Kc8 28.
Rxe7 Rxe7 29. Qxa8+ Kd7 30. Qd5+ Ke8 31. Rb1 {Black resigns} 1-0

[Event "Team 45 45 League T28"]
[Site "Internet Chess Club"]
[Date "2005.10.08"]
[Round "4"]
[White "buzzard"]
[Black "tourettes"]
[Result "1/2-1/2"]
[WhiteElo "1747"]
[BlackElo "1838"]
[TimeControl "2700+45"]

1. e4 c5 2. Nf3 d6 3. b4 b6 4. Bc4 e6 5. O-O Bb7 6. Re1 Nc6 7. a3 a6 8. b5 Na5
9. bxa6 Bxa6 10. Bxa6 Rxa6 11. Nc3 Be7 12. Qe2 Qc8 13. Nb5 Nc6 14. Nc7+ Qxc7 15.
Qxa6 Nf6 16. c3 O-O 17. d4 d5 18. exd5 Nxd5 19. c4 Nf6 20. Bb2 Rd8 21. Rad1 h6
22. d5 Nb8 23. Qa4 exd5 24. cxd5 Nxd5 25. Rxd5 Rxd5 26. Qe8+ Bf8 27. Be5 Qa7 28.
Qxb8 Qxb8 29. Bxb8 f6 30. a4 c4 31. Kf1 Ra5 32. Bc7 Bc5 33. Re6 Rxa4 34. Rc6
Ra1+ 35. Ke2 Ra2+ 36. Kd1 Rxf2 37. Bxb6 Bxb6 38. Rxb6 Rxg2 39. Rc6 Rf2 40. Nd4
Rxh2 41. Rxc4 Rg2 42. Rc8+ Kh7 43. Ne6 h5 44. Ke1 h4 45. Kf1 Rg3 46. Kf2 Rg4 47.
Kf3 f5 48. Rc2 Rg3+ 49. Kf4 g6 50. Rc7+ Kh6 51. Rc8 Rg4+ 52. Ke5 Re4+ 53. Kf6
Kh5 54. Ng7+ Kg4 55. Kxg6 f4 56. Nh5 Re6+ 57. Nf6+ Kg3 58. Rc3+ Kg2 59. Kf5
Rxf6+ 60. Kxf6 f3 61. Kg5 Kg3 62. Kf5 Kg2 63. Kg4 f2 64. Rc2 h3 65. Rxf2+ Kxf2
66. Kxh3 {Game drawn because neither player has mating material} 1/2-1/2

[Event "Team 45 45 League T28"]
[Site "Internet Chess Club"]
[Date "2005.10.09"]
[Round "4"]
[White "kingfischer57"]
[Black "ApakohKrieger"]
[Result "1-0"]
[WhiteElo "1805"]
[BlackElo "1724"]
[TimeControl "2700+45"]

1. d4 Nf6 2. c4 e6 3. Nc3 Bb4 4. a3 Bxc3+ 5. bxc3 b6 6. f3 Ba6 7. e4 Nc6 8. e5
Ng8 9. Bd3 Na5 10. Qa4 Qc8 11. Ne2 c5 12. O-O cxd4 13. cxd4 Bxc4 14. Qc2 Bxd3
15. Qxd3 Ne7 16. Bg5 Nac6 17. Rfc1 Qb7 18. Qe4 Nd5 19. Nc3 Nxc3 20. Rxc3 Rb8 21.
d5 Ne7 22. Bxe7 Kxe7 23. d6+ Kf8 24. Qxb7 Rxb7 25. Rc8# {Black checkmated} 1-0

[Event "Team 45 45 League T28"]
[Site "Internet Chess Club"]
[Date "2005.10.08"]
[Round "4"]
[White "DBTaylor"]
[Black "crankn8tr"]
[Result "0-1"]
[WhiteElo "1499"]
[BlackElo "1582"]
[TimeControl "2700+45"]

1. e4 c5 2. c3 d5 3. exd5 Qxd5 4. d4 cxd4 5. cxd4 Nc6 6. Nf3 e6 7. Be3 Nf6 8. a3
Be7 9. Nc3 Qd8 10. Bb5 O-O 11. Bxc6 bxc6 12. O-O Nd5 13. Qc1 Rb8 14. Nxd5 cxd5
15. b4 f6 16. Rb1 Bd7 17. Rd1 Rc8 18. Qd2 Bb5 19. Rdc1 Bc4 20. a4 Qb6 21. b5 Rb8
22. a5 Qd8 23. Rxc4 dxc4 24. Qc3 Qd5 25. b6 axb6 26. Bf4 Qe4 27. Qc1 Ba3 28.
Qxa3 Qxb1+ 29. Bc1 Qb3 {White resigns} 0-1

[Event "Team 45 45 League T28"]
[Site "Internet Chess Club"]
[Date "2005.10.10"]
[Round "4"]
[White "TimGluckman"]
[Black "gule"]
[Result "1-0"]
[WhiteElo "1848"]
[BlackElo "1865"]
[TimeControl "2700+45"]

1. d4 Nf6 2. Bg5 e6 3. Nd2 d5 4. e3 c5 5. c3 Nc6 6. f4 Be7 7. Bd3 h6 8. Bh4 cxd4
9. exd4 a6 10. Qf3 b5 11. Ne2 Qc7 12. O-O O-O 13. Rae1 Na5 14. Bxf6 Bxf6 15. g4
Bb7 16. Qg2 Nc4 17. g5 hxg5 18. fxg5 Bxd4+ 19. Nxd4 Qc5 20. Qh3 g6 21. Bxg6 fxg6
22. Qxe6+ Kg7 23. Qd7+ Kg8 24. Rxf8+ Rxf8 25. Re7 Qxe7 26. Qxe7 Rf7 27. Qe8+ Kg7
28. Ne6+ {Black resigns} 1-0  fpawn(345): I even copied my settings file to my
new laptop